 Dungeon Crawl Stone Soup version 0.30.1-9-gdf580d7c3d (webtiles) character file.

Game seed: 13889833100804183555

273 Vylnas the Grave Robber (level 6, -1/43 HPs)
             Began as a Human Necromancer on Sept 28, 2023.
             Slain by an ogre
             ... wielding a +0 giant spiked club
              (31 damage)
             ... on level 5 of the Dungeon on Sept 30, 2023.
             The game lasted 00:23:33 (1318 turns).

Vylnas the Grave Robber (Human Necromancer)         Turns: 1318, Time: 00:23:34

Health: -1/43      AC:  2    Str:  9    XL:     6   Next: 48%
Magic:  8/11       EV: 12    Int: 17    God:
Gold:   68         SH:  0    Dex: 13    Spells: 7/11 levels left

rFire   . . .        n - +2 short sword (elec)
rCold   . . .        (no shield)
rNeg    . . .        a - +0 robe
rPois   .            (no helmet)
rElec   .            (no cloak)
rCorr   .            (no gloves)
SInv    .            (no boots)
Will    .....        (no amulet)
Stlth   ++           (no ring)
HPRegen 0.27/turn    (no ring)
MPRegen 0.12/turn

%: no passive effects
@: no status effects
A: no striking features
a: no special abilities


You were on level 5 of the Dungeon.
You visited 1 branch of the dungeon, and saw 5 of its levels.

You collected 68 gold pieces.

Inventory:

Hand Weapons
 d - a +0 dagger of flaming
 i - a +0 vampiric short sword
 j - a +0 dagger
 n - a +2 short sword of electrocution (weapon)
 p - a +0 whip
 v - a +0 sling
Missiles
 c - 19 stones
 f - 3 boomerangs
 k - 3 atropa-tipped darts (quivered)
Armour
 a - a +0 robe (worn)
 t - a +0 chain mail
Wands
 s - a wand of flame (6)
 u - a wand of acid (5)
Scrolls
 l - 2 scrolls of enchant armour
 q - a scroll of fog
 r - a scroll of enchant weapon {unknown}
Potions
 b - a potion of magic
 e - a potion of might {unknown}
 g - a potion of lignification {unknown}
 h - 3 potions of curing {unknown}
 m - a potion of mutation {unknown}
 o - a potion of haste {unknown}


   Skills:
 + Level 1.1 Fighting
 + Level 1.8 Short Blades
 + Level 2.1 Dodging
 + Level 2.3 Stealth
 + Level 3.3 Spellcasting
 + Level 5.8 Necromancy
 + Level 0.1 Evocations


You had 7 spell levels left.
You knew the following spells:

 Your Spells              Type           Power      Damage    Failure   Level
a - Necrotise             Necr           88%        1d8       1%          1
b - Vampiric Draining     Necr           22%        2d7       4%          3

Your spell library contained the following spells:

 Spells                   Type           Power      Damage    Failure   Level
 Animate Dead             Necr           22%        N/A       16%         4
 Sting                    Tmut/Pois      8%         1d3       17%         1
 Summon Small Mammal      Summ           8%         N/A       17%         1
 Poisonous Vapours        Pois/Air       4%         N/A       26%         2
 Agony                    Necr           22%        N/A       41%         5
 Call Canine Familiar     Summ           2%         N/A       45%         3
 Summon Guardian Golem    Hex/Summ       2%         N/A       45%         3
 Olgreb's Toxic Radiance  Pois           2%         N/A       86%         4


Dungeon Overview and Level Annotations

Branches:
Dungeon (5/15)
 Temple: D:4-7

Altars:

Shops:
D:2 ?


Message History

Your iguana skeleton bites the sleepcap.
The sleepcap barely misses you.
Unknown command.
You hit the sleepcap.
The sleepcap is heavily damaged.
Your iguana skeleton bites the sleepcap!
You hit the sleepcap but do no damage.
The sleepcap is almost destroyed.
The sleepcap barely misses you.
Your iguana skeleton bites the sleepcap.
You hit the sleepcap.
You destroy the sleepcap!
Your iguana skeleton crumbles into dust!
An ogre comes into view. It is wielding a +0 giant spiked club.
Aiming: Necrotise (safe; 1% risk of failure)
Press: ? - help, Q - select action, (/) - cycle Shift-Dir - straight line
Okay, then.
The ogre shouts!
Aiming: Necrotise (safe; 1% risk of failure)
Press: ? - help, Q - select action, (/) - cycle Shift-Dir - straight line, f - ogre
Aim: an ogre, wielding a +0 giant spiked club (chance to affect: 81%)
The ogre barely resists.
Aiming: Necrotise (safe; 1% risk of failure)
Press: ? - help, Q - select action, (/) - cycle Shift-Dir - straight line, f/p - ogre
Aim: an ogre, wielding a +0 giant spiked club (chance to affect: 81%)
The ogre barely resists.
Throw: 5 darts (atropa)
Press: ? - help, Q - select action, (/) - cycle Shift-Dir - straight line, f/p - ogre
Aim: an ogre, wielding a +0 giant spiked club (72% to hit, chance to blind on hit: 51%)
You throw an atropa-tipped dart.
The atropa-tipped dart barely misses the ogre.
Throw: 4 darts (atropa)
Press: ? - help, Q - select action, (/) - cycle Shift-Dir - straight line, f/p - ogre
Aim: an ogre, wielding a +0 giant spiked club (72% to hit, chance to blind on hit: 41%)
You throw an atropa-tipped dart. The atropa-tipped dart hits the ogre.
The ogre resists.
The ogre attacks as you move away!
The ogre hits you with a +0 giant spiked club!!
Ouch! That really hurt!
You die...

.# #. #...# .... #.# #...# #
... ..# #...# #.##.##.#
#...###### #.......# #...##...
........#####...##.#####
#..#...........).....#
..#....................#^.
#.......(....(.O@.............
#.......#####...##........##..
###.##### #...#####..##.# #
#)).# #..# ... #.).# #..# ##.
#####...#####..# .
#...........#... #.###(..###.#
#.####.##


You could see an ogre.

Vanquished Creatures
  A sleepcap (D:5)
  Terence (D:3)
  An orc wizard (D:4)
  2 iguanas (D:5)
  4 adders
  4 gnolls (D:5)
  A worm (D:2)
  2 dart slugs
  10 orcs
  2 endoplasms
  A giant cockroach (D:4)
  2 goblins (D:1)
  5 hobgoblins
  2 quokkas
  3 ball pythons
  2 bats (D:2)
  A frilled lizard (D:1)
  4 kobolds
  3 rats
51 creatures vanquished.

Vanquished Creatures (collateral kills)
  An adder (D:2)
  An endoplasm (D:1)
  A frilled lizard (D:1)
3 creatures vanquished.

Grand Total: 54 creatures vanquished

Notes
Turn   | Place    | Note
-------+----------+-------------------------------------------
     0 | D:1      | Vylnas the Human Necromancer began the quest for the Orb.
     0 | D:1      | Reached XP level 1. HP: 13/13 MP: 3/3
   153 | D:1      | Reached XP level 2. HP: 19/19 MP: 0/5
   370 | D:1      | You fall into a shaft and drop 1 floor!
   376 | D:2      | Reached XP level 3. HP: 21/24 MP: 3/6
   470 | D:2      | Found Quheag's Magic Scroll Shoppe.
   716 | D:2      | Reached XP level 4. HP: 30/30 MP: 7/7
   764 | D:3      | Noticed Terence
   773 | D:3      | Killed Terence
   774 | D:3      | Reached skill level 1 in Short Blades
   956 | D:3      | Reached skill level 5 in Necromancy
   970 | D:3      | Reached XP level 5. HP: 5/36 MP: 9/9
  1133 | D:4      | Reached skill level 1 in Fighting
  1175 | D:5      | Entered Level 5 of the Dungeon
  1183 | D:5      | Noticed a black bear
  1209 | D:5      | Learned a level 3 spell: Vampiric Draining
  1251 | D:5      | Reached XP level 6. HP: 42/43 MP: 4/10
  1303 | D:5      | Noticed an ogre
  1318 | D:5      | Slain by an ogre

Illustrated notes

Levels and vault maps discovered:
D:1:      dpeg_arrival_arbitrary_a, layout_rooms, minmay_statues_item,
          columned_hall_lemuel, solitary_fountain
D:2:      layout_loops_ring, serial_shops, shop, lightli_corner_chamber
D:3:      layout_loops_ring, uniq_ijyb, uniq_natasha, uniq_terence
D:4:      layout_loops_ring, serial_shops, kennysheep_mini_moat,
          nicolae_shop_firing_range
D:5:      layout_loops_cross, serial_shops, shop

Skill      XL: |  1  2  3  4  5 |
---------------+----------------+-----
Short Blades   | 1 |  1.8
Necromancy     | 5 |  5.8
Fighting       | 1 |  1.1
Spellcasting   | 3 |  3.3
Dodging        | |  2.1
Stealth        | |  2.3
Evocations     | |  0.1

Action                     |  1- 3 |  4- 6 || total
---------------------------+-------+-------++-------
  Melee: Dagger            |    22 |       ||    22
         Short sword       |    18 |    61 ||    79
         Punch             |       |     1 ||     1
  Throw: Dart              |       |     2 ||     2
   Cast: Necrotise         |    22 |    24 ||    46
         Vampiric Draining |       |     2 ||     2
  Evoke: Wand              |       |    11 ||    11
    Use: Scroll            |     3 |       ||     3
   Stab: Sleeping          |     2 |       ||     2
 Armour: Robe              |     5 |    13 ||    18
  Dodge: Dodged            |    27 |    42 ||    69
